 Dungeon Crawl Stone Soup version 0.31.0-11-ge490571c62 (console) character file.

Game seed: 12730924692752910466

3014 AlterAsc the Markself (level 9, -5/46 HPs)
             Began as a Deep Elf Hexslinger on Feb 7, 2024.
             Was a Follower of Zin.
             Slain by Duvessa
             ... wielding a +1 rapier of electrocution
              (20 damage)
             ... on level 7 of the Dungeon.
             The game lasted 00:23:59 (7420 turns).

AlterAsc the Markself (Deep Elf Hexslinger)         Turns: 7420, Time: 00:24:00

Health: -5/46      AC:  9    Str:  5    XL:     9   Next: 55%
Magic:  7/14       EV: 13    Int: 19    God:    Zin [*.....]
Gold:   302        SH:  0    Dex: 21    Spells: 7/12 levels left

rFire   . . .        C - +0 shortbow
rCold   . . .        (shield currently unavailable)
rNeg    . . .        c - +0 robe
rPois   .            j - +2 helmet
rElec   .            (no cloak)
rCorr   .            (no gloves)
SInv    .            (no boots)
Will    .....        o - amulet of regeneration
Stlth   ++           y - +4 ring of protection
HPRegen 1.07/turn    (no ring)
MPRegen 0.14/turn

%: no passive effects
@: weak-willed, reciting
A: no striking features
a: Renounce Religion, Recite, Donate Gold


You were on level 7 of the Dungeon.
You worshipped Zin.
Zin was aware of your devotion.
You visited 2 branches of the dungeon, and saw 8 of its levels.

You collected 335 gold pieces.
You donated 33 gold pieces to Zin.

Inventory:

Hand Weapons
 a - a +1 sling
 s - a +4 scythe of distortion
 C - a +0 shortbow (weapon)
Missiles
 B - a throwing net
Armour
 c - a +0 robe (worn)
 f - an orb of wrath
 j - a +2 helmet (worn)
Jewellery
 n - a ring of fire
 o - an amulet of regeneration (around neck)
 t - the amulet of Feusituh {Acrobat Str+3 Int+4}
   (You found it on level 4 of the Dungeon)

   [amulet of the acrobat]

   Acrobat:   It increases your evasion while moving and waiting.
   Str+3:     It affects your strength (+3).
   Int+4:     It affects your intelligence (+4).
 y - a +4 ring of protection (left hand)
Wands
 z - a wand of paralysis (16)
Scrolls
 b - a scroll of poison
 d - 3 scrolls of teleportation
 e - 2 scrolls of revelation
 g - 3 scrolls of enchant armour
 h - 3 scrolls of identify
 i - 2 scrolls of vulnerability {unknown}
 q - a scroll of amnesia {unknown}
 u - a scroll of butterflies {unknown}
 v - 2 scrolls of immolation
 w - a scroll of fear {unknown}
 A - 3 scrolls of noise {unknown}
Potions
 k - 3 potions of curing {unknown}
 l - 2 potions of resistance {unknown}
 m - 2 potions of enlightenment {unknown}
 p - a potion of berserk rage {unknown}
 r - a potion of lignification {unknown}
 x - 2 potions of brilliance {unknown}


   Skills:
 - Level 0.7 Fighting
 + Level 16.7 Ranged Weapons
 - Level 2.4 Dodging
 - Level 2.0 Stealth
 - Level 2.0 Spellcasting
 + Level 4.2 Hexes
 - Level 1.1 Fire Magic
 + Level 0.6 Invocations


You had 7 spell levels left.
You knew the following spells:

 Your Spells              Type           Power      Damage    Failure   Level
a - Jinxbite              Hex            34%        N/A       4%          2
b - Sigil of Binding      Hex            17%        N/A       9%          3

Your spell library contained the following spells:

 Spells                   Type           Power      Damage    Failure   Level
 Necrotise                Necr           4%         1d4       17%         1
 Sting                    Conj/Alch      4%         1d3       17%         1
 Summon Small Mammal      Summ           4%         N/A       17%         1
 Inner Flame              Hex/Fire       12%        N/A       17%         3
 Lesser Beckoning         Tloc           2%         N/A       26%         2
 Mercury Vapours          Alch/Air       2%         N/A       26%         2
 Cause Fear               Hex            8%         N/A       30%         4
 Call Canine Familiar     Summ           1%         N/A       45%         3
 Gell's Gravitas          Tloc           1%         N/A       45%         3
 Teleport Other           Tloc           1%         N/A       45%         3
 Vampiric Draining        Necr           1%         2d6       45%         3
 Dimensional Bullseye     Hex/Tloc       4%         N/A       56%         4
 Summon Blazeheart Golem  Fire/Summ      3%         N/A       80%         4
 Martyr's Knell           Necr/Summ      1%         N/A       86%         4
 Olgreb's Toxic Radiance  Alch           1%         N/A       86%         4
 Vhi's Electric Charge    Tloc/Air       2%         N/A       86%         4
 Arcjolt                  Conj/Air       0%         1d10      99%         5
 Curse of Agony           Necr           1%         N/A       99%         5
 Plasma Beam              Fire/Air       1%         2x1d11    100%        6


Dungeon Overview and Level Annotations

Branches:
Dungeon (7/15)             Temple (1/1) D:6

Altars:
Ashenzari
Cheibriados
Dithmenos
Elyvilon
Fedhas
Kikubaaqudgha
Makhleb
Nemelex Xobeh
Okawaru
Qazlal
Ru
Xom
Zin
The Shining One

Shops:
D:5 :   D:7 *

Annotations:
D:3 2 runed translucent doors, CapUranus's ghost, amateur GrFi
D:6 1 exclusion
D:7 1 runed translucent door, Crazy Yiuf; Duvessa


Message History

Duvessa weeps, and shakes her weapon.
Duvessa goes berserk!
Your magical contamination has completely faded away.
You shoot an arrow. The arrow hits Duvessa.
Duvessa is lightly wounded.
Duvessa's lost momentum returns!
Duvessa hits you with a +1 rapier of electrocution.
You shoot an arrow.
The arrow hits Duvessa but does no damage.
Duvessa is lightly wounded.
A giggling sprite leaps out and makes Duvessa trip over her own feet.
Duvessa is lightly wounded.
The jinxing sprites lose interest in you.
Duvessa closely misses you.
You shoot an arrow.
The arrow hits Duvessa but does no damage.
Duvessa is lightly wounded.
Duvessa misses you.
You shoot an arrow. The arrow hits Duvessa.
Duvessa is moderately wounded.
Your binding sigil disappears.
Duvessa hits you with a +1 rapier of electrocution!
You are electrocuted!
You are too injured to fight recklessly!
You are too injured to fight recklessly!
Fire: C) +0 shortbow
Press: ? - help, Shift-Dir - straight line, f/p - Duvessa
Aim: Duvessa, wielding a +1 rapier of electrocution and wearing a +0 chain mail (moderately wounded, berserk, covering ground quickly, heavily drained, 78% to hit)
Okay, then.
Casting: Jinxbite (safe; 4% risk of failure)
Confirm with . or Enter, or press ? or * to list all spells.
Okay, then.
Activating: Recite (7% risk of failure)
Press: ? - help, Dir - look around, f - activate You clear your throat and prepare to recite. "Zin saw the unfaithfulness of the heretics, and..."
You hear a shout!
Duvessa hits you with a +1 rapier of electrocution.
You are electrocuted!!
You die...

#### #..#
♣♣♣♣♣###.# #
♣♣♣.♣.P.+..####
..#♣..♣..........#
..+.♣♣♣♣......##.#
..#♣♣ ♣♣P.+..##.#
# ♣♣##..##.#
#####.# #.# #.#
#.##@# #.#e# ##..#
##...# #...##
#.#.## #.##. # #e
##


You could see Duvessa (berserk, swift, very drained).

Vanquished Creatures
  Sigmund (D:4)
  Eustachio (D:5)
  3 yaks
  2 water moccasins (D:6)
  An orc warrior (D:6)
  A black bear (D:6)
  A sky beast (D:7)
  3 ogres
  A centaur (D:7)
  A phantom (D:5)
  A bullfrog (D:6)
  A scorpion (D:5)
  Dowan (D:7)
  A howler monkey (D:4)
  2 quasits (D:4)
  2 jellies (D:6)
  A gnoll bouda (D:5)
  6 hounds
  An orc priest (D:7)
  3 sleepcaps
  Natasha (thrice) (D:4)
  2 iguanas
  6 orc wizards
  14 gnolls
  9 adders
  6 shadow imps
  8 white imps
  4 ufetubi
  7 dart slugs
  15 orcs
  4 ball pythons
  8 bats
  7 endoplasms
  3 giant cockroaches (D:1)
  7 goblins
  7 hobgoblins
  4 jackals (D:2)
  8 kobolds
  4 quokkas
  2 frilled lizards
  5 rats
167 creatures vanquished.

Notes
Turn   | Place    | Note
-------+----------+-------------------------------------------
     0 | D:1      | AlterAsc the Deep Elf Hexslinger began the quest for the
                  | Orb.
     0 | D:1      | Reached XP level 1. HP: 11/11 MP: 5/5
    15 | D:1      | Reached skill level 3 in Ranged Weapons
    29 | D:1      | Reached XP level 2. HP: 13/16 MP: 6/6
   163 | D:1      | Reached skill level 4 in Ranged Weapons
   212 | D:1      | Learned a level 2 spell: Jinxbite
   462 | D:1      | Reached XP level 3. HP: 20/20 MP: 7/7
   751 | D:2      | Reached skill level 5 in Ranged Weapons
   925 | D:2      | Found a faded altar of an unknown god.
  1119 | D:2      | Reached XP level 4. HP: 24/24 MP: 8/8
  1897 | D:3      | Reached skill level 6 in Ranged Weapons
  2177 | D:3      | Found a large runed translucent door.
  2178 | D:3      | Found a large runed translucent door.
  2180 | D:3      | Noticed CapUranus's ghost (amateur GrFi)
  2277 | D:3      | Found a snail-covered altar of Cheibriados.
  2534 | D:4      | Noticed an ogre
  2547 | D:4      | Killed an ogre
  2548 | D:4      | Reached skill level 7 in Ranged Weapons
  2548 | D:4      | Reached XP level 5. HP: 17/28 MP: 7/9
  2600 | D:4      | Reached skill level 8 in Ranged Weapons
  2665 | D:4      | Reached XP level 6. HP: 33/33 MP: 7/10
  2705 | D:4      | Noticed Sigmund
  2758 | D:4      | Killed Sigmund
  2759 | D:4      | Reached skill level 9 in Ranged Weapons
  2790 | D:4      | Identified the amulet of Feusituh {Acrobat Str+3 Int+4}
  2946 | D:4      | Reached skill level 1 in Stealth
  2972 | D:4      | Reached XP level 7. HP: 37/37 MP: 11/11
  3012 | D:4      | Reached skill level 10 in Ranged Weapons
  3145 | D:4      | Noticed Natasha
  3148 | D:4      | Killed Natasha
  3466 | D:4      | Noticed Natasha
  3472 | D:4      | Killed Natasha
  3683 | D:4      | Noticed Natasha
  3689 | D:4      | Killed Natasha
  4078 | D:5      | Entered Level 5 of the Dungeon
  4197 | D:5      | Reached skill level 11 in Ranged Weapons
  4266 | D:5      | Found Plog's Tremendous Tomes.
  4356 | D:5      | Noticed Eustachio
  4441 | D:5      | Killed Eustachio
  4442 | D:5      | Reached skill level 12 in Ranged Weapons
  4442 | D:5      | Reached XP level 8. HP: 35/42 MP: 13/13
  5092 | D:5      | Reached skill level 13 in Ranged Weapons
  5316 | D:6      | Reached skill level 14 in Ranged Weapons
  5433 | D:6      | Reached skill level 15 in Ranged Weapons
  5433 | D:6      | Reached XP level 9. HP: 39/46 MP: 14/14
  6176 | D:6      | Found a glowing silver altar of Zin.
  6268 | D:6      | Found a staircase to the Ecumenical Temple.
  6277 | Temple   | Entered the Ecumenical Temple
  6361 | D:6      | Became a worshipper of Zin the Law-Giver
  6361 | D:6      | Reached * piety under Zin
  6749 | D:6      | Reached skill level 16 in Ranged Weapons
  6910 | D:7      | Noticed a two-headed ogre
  7252 | D:7      | Learned a level 3 spell: Sigil of Binding
  7271 | D:7      | Found Tideakha's General Store.
  7376 | D:7      | Found a runed translucent door.
  7377 | D:7      | Noticed Crazy Yiuf
  7402 | D:7      | Noticed Duvessa
  7402 | D:7      | Noticed Dowan
  7415 | D:7      | Killed Dowan
  7420 | D:7      | Slain by Duvessa

Illustrated notes

Levels and vault maps discovered:
D:1:      roadster_arrival_rocket_small, layout_basic, minmay_octomino_e4
D:2:      layout_basic, ebering_ecumenical_altar_sacrificial,
          chequers_serial_rivers_small_3, minmay_ruptured
D:3:      layout_basic, mainiacjoe_overflow_alcove_2,
          ebering_ghost_disaster_area, chequers_serial_rivers_marsh
D:4:      layout_cave_pods, serial_demonic, serial_demonic_b, serial_demonic_d,
          serial_demonic_f, serial_demonic_d, uniq_natasha, uniq_sigmund
D:5:      layout_loops_ring, nicolae_shop_i_like_big_books,
          kennysheep_generic_room_2, uniq_eustachio
D:6:      kennysheep_windowed_halls, layout_layer_cave, zin_treasury,
          minmay_temple_entry_poolview, small_statue_intersection
D:7:      layout_loops_corners, serial_shops, kennysheep_little_box, shop,
          uniq_crazy_yiuf_cottage, uniq_duvessa
Temple:   hellmonk_temple_forest_ring

Skill      XL: |  1  2  3  4  5  6  7  8  9 |
---------------+----------------------------+-----
Ranged Weapons | 3 4 5 7 8 9 12 15 16 | 16.7
Stealth        | 1 2 |  2.0
Spellcasting   | 2 |  2.0
Fighting       | |  0.7
Dodging        | |  2.4
Hexes          | |  4.2
Fire Magic     | |  1.1
Invocations    | |  0.6

Action                     |  1- 3 |  4- 6 |  7- 9 || total
---------------------------+-------+-------+-------++-------
   Fire: Sling             |   121 |   122 |   523 ||   766
         Shortbow          |       |       |    43 ||    43
  Throw: Throwing net      |       |       |     1 ||     1
   Cast: Jinxbite          |     1 |     8 |     7 ||    16
         Sigil of Binding  |       |       |     1 ||     1
 Invoke: Recite            |       |       |     3 ||     3
    Use: Scroll            |       |       |     7 ||     7
 Armour: Robe              |    23 |    23 |   221 ||   267
  Dodge: Dodged            |    29 |    28 |   208 ||   265
